Match 42507986
Unlisted

Match 42507986
End
Construct Section Command Post
Vickers Machine Gun Team
Selects Air and Sea Battlegroup
Infantry Section
Infantry Section
Infantry Section
Construct Platoon Command Post
Grenade Package
Construct Field Infirmary
Selects Commando Section Paradrop
Selects Commando Support Section Paradrop
Selects Supply Surplus
Construct Field Infirmary
Unlock M3 Stuart Light Tanks
Commando Section Paradrop
Selects UNKNOWN (223837)
M3 Stuart Light Tank
Unlock Bishop Self-propelled Artillery
Bishop Self-propelled Artillery
Juan
STALKER4732
Smiguel
trea
burchbeer92
Alân
Ж | Davako
Mael Radec
0
0

Comments sign in to comment!

No comments posted yet!